cohdb
Replays
Latest Replays
All Replays
Popular Replays
Top Player Replays
Match Explorer
How It Works
Community
CoH3 Stats
Reddit
Sign in to upload your games and track your stats! →
Sign in with Steam
Match 44082367
Unlisted
Match 44082367
Overview
Messages
Build Orders
End
Construct Barracks
Selects Armored Battlegroup
Selects Assault Engineers
Assault Engineer Squad
Riflemen Squad
Assault Engineer Squad
Riflemen Squad
Grenade Package
Air Support Center
P-47 Dive Bomb
P-47 Strafing Run
Selects M31 Recovery Vehicle
Selects Fast Deploy
P-47 Dive Bomb
Construct Tank Depot
P-47 Strafing Run
Assault Engineer Squad
P-47 Strafing Run
M4(105) Sherman Bulldozer
P-47 Dive Bomb
M4(105) Sherman Bulldozer
P-47 Strafing Run
Construct Weapon Support Center
P-47 Dive Bomb
Selects M8 Scott SPG
Selects UNKNOWN (2160077)
M1919 Machine Gun Team
M1919 Machine Gun Team
M3 Armored Personnel Carrier
P-47 Strafing Run
P-47 Strafing Run
M4A3E8 Sherman Easy Eight
P-47 Dive Bomb
M4A3E8 Sherman Easy Eight
Selects War Machine
P-47 Dive Bomb
M4A3E8 Sherman Easy Eight
Assault Engineer Squad
P-47 Dive Bomb
Bazooka Squad
M4A3E8 Sherman Easy Eight
P-47 Dive Bomb
M31 Recovery Vehicle
P-47 Dive Bomb
P-47 Dive Bomb
M4A3E8 Sherman Easy Eight
P-47 Strafing Run
P-47 Dive Bomb
Riflemen Squad
Riflemen Squad
P-47 Strafing Run
P-47 Dive Bomb
P-47 Strafing Run
M4A3E8 Sherman Easy Eight
P-47 Dive Bomb
Bazooka Squad
Bazooka Squad
Bazooka Squad
Riflemen Squad
Pinootje
Staži Druid Ergo
SMOKEYBEAR
Kavkoo
MuniekPL
Papa Shango
Husar
Puszysty Zwirz
0
0
Comments
sign in to comment!
No comments posted yet!